 Dungeon Crawl Stone Soup version 0.25.1-2-g60ff931df9 (webtiles) character file.

Game seed: 6152727807941866603

890 Smetak the Vandal (level 7, -1/56 HPs)
             Began as a Minotaur Hunter on Aug 9, 2020.
             Slain by an orc wizard
             ... wielding a +3 dagger
              (3 damage)
             ... on level 5 of the Dungeon.
             The game lasted 00:43:19 (2557 turns).

Smetak the Vandal (Minotaur Hunter)                 Turns: 2557, Time: 00:43:19

Health: -1/56      AC:  4    Str: 18    XL:     7   Next: 77%
Magic:  6/6        EV: 14    Int:  8    God:
Gold:   90         SH:  0    Dex: 11    Spells: 6/6 levels left

rFire    . . .     SeeInvis .   a - +1 hunting sling
rCold    . . .     Gourm    .   (no shield)
rNeg     . . .     Faith    .   c - +1 leather armour
rPois    .         Spirit   .   (helmet restricted)
rElec    .         Reflect  .   (no cloak)
rCorr    .         Harm     .   (no gloves)
MR       .....                  (no boots)
Stlth    ++........             (no amulet)
HPRegen  0.18/turn              (no ring)
MPRegen  0.10/turn              (no ring)

@: very slightly contaminated
A: retaliatory headbutt, horns 2
a: no special abilities


You were on level 5 of the Dungeon.
You were not hungry.

You visited 1 branch of the dungeon, and saw 5 of its levels.

You collected 90 gold pieces.

Inventory:

Hand Weapons
 a - a +1 hunting sling (weapon)
 e - a +4 dagger of flaming
 s - a +3 scythe of venom
Missiles
 b - 5 boomerangs
 d - 5 sling bullets (quivered)
 h - 15 stones
Armour
 c - a +1 leather armour (worn)
 m - a +0 robe
 t - a +0 robe
Jewellery
 p - an uncursed ring of fire {unknown}
 v - an uncursed ring of stealth
Wands
 r - a wand of random effects (2)
Scrolls
 l - 2 scrolls of remove curse
 q - 2 scrolls of identify {unknown}
 u - a scroll of amnesia {unknown}
 w - 2 scrolls of fog {unknown}
 x - 2 scrolls of enchant armour
Potions
 i - a potion of haste {unknown}
 j - a potion of magic {unknown}
 k - 2 potions of resistance {unknown}
 z - 2 potions of stabbing {unknown}
Comestibles
 f - 5 rations


   Skills:
 - Level 2.7 Fighting
 + Level 3.4 Short Blades
 * Level 6.8(7.1) Slings
 - Level 2.2(4.6) Throwing
 + Level 5.1 Dodging
 - Level 3.7 Stealth


You had 6 spell levels left.
You didn't know any spells.
Your spell library was empty.

Dungeon Overview and Level Annotations

Branches:
Dungeon (5/15)
 Temple: D:4-7

Altars:

Annotations:
D:4 Pikel


Innate Abilities, Weirdness & Mutations

You reflexively headbutt those who attack you in melee.
You have a pair of horns on your head.


Message History

The magic dart hits you!
* * * LOW HITPOINT WARNING * * *
Blink to where?
Press: ? - help, Dir - move target cursor You are very lightly contaminated with residual magic.
As you read the scroll labeled HAYZXI UPNU QOUZ, it crumbles to dust.
It was a scroll of blinking.
You hear some strange, mumbled words.
A puff of frost appears from out of thin air!
The puff of frost hits you.
* * * LOW HITPOINT WARNING * * *
You see here 2 sling bullets.
As you read the scroll labeled AQOSYG SOCIT, it crumbles to dust.
You feel aware of your surroundings.
It was a scroll of magic mapping.
Something hits you but does no damage.
As you read the scroll labeled ISUIKHLASSU, it crumbles to dust.
It is a scroll of enchant armour.
Your +0 leather armour glows green for a moment.
Something hits you.
You die...

*,,,*,*,,,,,,*,,,,,,********,*,,
**,,,*,*,,,,#.#+####,,,,,,,,,,*,,
**,,,*,*,,*,#......#***********,,
**,,,*,*,,,,#......# *,,
,,,,,,,*,,,,#......# *,,
,,,,,,,**####......# *,,
,,,,,,,,,..........# *,,
,.......,..........# *,,
.......######...@..# *,,
.......#...##......######******,,
.......#...###.)....=....**,,,,,,
.......#......)..........**,****,
....##.#.......)##.......**,* *,
,...##.#.....(..#,...####**+****,
###.#.....†.....#,.....,,,,,,,**,
..#.......†.....#,......,,,,,,**,
..#.............#,.......,,,,,**,


There were no monsters in sight!

Vanquished Creatures
  Sigmund (D:2)
  Eustachio (D:4)
  A sky beast (D:3)
  A phantom (D:5)
  A scorpion (D:5)
  2 hounds
  An orc wizard (D:5)
  Jessica (D:2)
  An iguana (D:5)
  A worker ant (D:4)
  Natasha (D:3)
  2 hound skeletons
  7 adders
  6 worms
  3 leopard geckos
  9 orcs
  3 bats
  3 giant cockroaches
  2 goblins (D:1)
  5 hobgoblins
  6 jackals
  A quokka (D:3)
  2 ball pythons (D:4)
  4 frilled lizards
  4 kobolds
  A leopard gecko zombie (D:5)
  9 rats
79 creatures vanquished.

Notes
Turn   | Place    | Note
-------+----------+-------------------------------------------
     0 | D:1      | Smetak the Minotaur Hunter began the quest for the Orb.
     0 | D:1      | Reached XP level 1. HP: 18/18 MP: 0/0
     2 | D:1      | Noticed a ghoul
     2 | D:1      | Noticed a gargoyle
     5 | D:1      | Noticed an octopode
     5 | D:1      | Noticed a tengu
     7 | D:1      | Noticed a naga
     7 | D:1      | Noticed a minotaur
     9 | D:1      | Noticed an ogre
     9 | D:1      | Noticed a formicid
    11 | D:1      | Noticed a human
    11 | D:1      | Noticed an elf
    13 | D:1      | Noticed a spriggan
    13 | D:1      | Noticed a vampire
    15 | D:1      | Noticed a vine stalker
    15 | D:1      | Noticed a dwarf
    17 | D:1      | Noticed a troll
    17 | D:1      | Noticed a felid
    21 | D:1      | Noticed a centaur
    21 | D:1      | Noticed a merfolk
    23 | D:1      | Noticed a demigod
    23 | D:1      | Noticed a draconian
    25 | D:1      | Noticed a halfling
    27 | D:1      | Noticed a demonspawn
    91 | D:1      | Reached XP level 2. HP: 20/25 MP: 1/1
   134 | D:1      | Reached skill level 1 in Stealth
   382 | D:2      | Noticed Jessica
   390 | D:2      | Killed Jessica
   390 | D:2      | Reached skill level 5 in Slings
   390 | D:2      | Reached XP level 3. HP: 29/30 MP: 2/2
   470 | D:2      | Reached skill level 1 in Throwing
   561 | D:2      | Reached XP level 4. HP: 33/37 MP: 3/3
   636 | D:2      | Noticed Sigmund
   652 | D:2      | Killed Sigmund
   652 | D:2      | Reached XP level 5. HP: 22/42 MP: 4/4
  1101 | D:3      | Noticed a sky beast
  1114 | D:3      | Killed a sky beast
  1114 | D:3      | Reached skill level 1 in Short Blades
  1114 | D:3      | Reached XP level 6. HP: 40/50 MP: 5/5
  1220 | D:3      | Noticed Natasha
  1234 | D:3      | Killed Natasha
  1284 | D:3      | Reached skill level 6 in Slings
  1436 | D:4      | Noticed a slave
  1441 | D:4      | Noticed Pikel
  1460 | D:4      | Noticed a slave
  1460 | D:4      | Noticed a slave
  1465 | D:4      | HP: 1/50 [Pikel/+2 whip of electrocution (19)]
  1963 | D:4      | Noticed Eustachio
  1973 | D:4      | Killed Eustachio
  1973 | D:4      | Reached XP level 7. HP: 46/56 MP: 6/6
  2139 | D:5      | Entered Level 5 of the Dungeon
  2227 | D:5      | Reached skill level 5 in Dodging
  2555 | D:5      | HP: 2/56 [something/puff of frost (4)]
  2557 | D:5      | Slain by an orc wizard

Illustrated notes

Levels and vault maps discovered:
D:1:      kb_arrival_jail, layout_rooms, minmay_tetromino_l2
D:2:      layout_loops_ring, uniq_sigmund, uniq_jessica
D:3:      layout_loops_ring, uniq_natasha
D:4:      layout_rooms, first_ration, uniq_eustachio, uniq_pikel
D:5:      layout_basic

Skill      XL: |  1  2  3  4  5  6  7 |
---------------+----------------------+-----
Stealth        | 1 2 3 |  3.7
Slings         | 5 6 |  6.8
Throwing       | 1 2 |  2.2
Dodging        | 3 4 5 |  5.1
Short Blades   | 1 2 3 |  3.4
Fighting       | |  2.7

Action                   |  1- 3 |  4- 6 |  7- 9 || total
-------------------------+-------+-------+-------++-------
Melee: Short sword       |     8 |       |       ||     8
       Dagger            |    46 |    87 |    38 ||   171
       Headbutt          |     5 |    11 |     7 ||    23
       Hunting sling     |       |       |     7 ||     7
 Fire: Hunting sling     |    12 |    31 |    23 ||    66
Throw: Boomerang         |       |       |     3 ||     3
Evoke: Wand              |       |    10 |     7 ||    17
  Use: Potion            |       |     6 |       ||     6
       Scroll            |       |     3 |     4 ||     7
 Stab: Sleeping          |       |     1 |       ||     1
  Eat: Ration            |       |     1 |     1 ||     2
Armor: Leather armour    |    10 |    10 |    14 ||    34
Dodge: Dodged            |    39 |    49 |    25 ||   113
